Connexion

Palm Springs Eager vs Griffins

Created - 5 septembre 2023 at 05:49

Goals
1 2 3 OT1 T
Palm Springs Eager 1 1 1 0 3
Griffins 2 1 0 1 4
Shots
1 2 3 OT1 T
Palm Springs Eager 9 9 13 1 32
Griffins 12 9 12 4 37

GoalsPenalties
1st period
1. Griffins , Alexander True 5 (Nick Merkley 9, Teddy Blueger 4) at 10:02
2. Griffins , Adam Brooks 4 (Marc McLaughlin 9, Jacob Larsson 11) at 15:58
3. Palm Springs Eager , Nikita Nesterenko 1 (Saku Maenalanen 3, Steven Lorentz 8) at 16:04
Jack Ahcan (GRG) for Roughing (Minor) at 3:01
Scott Mayfield (SEA) for Roughing (Minor) at 7:39
Alexander True (GRG) for Roughing (Minor) at 16:15
2nd period
4. Palm Springs Eager , Steven Lorentz 2 (Nikita Nesterenko 2, Gavin Bayreuther 3) at 1:22
5. Griffins , Sasha Chmelevski 7 (Jacob Larsson 12) at 7:58
Parker Wotherspoon (GRG) for Hooking (Minor) at 2:23
Alexander Campbell (SEA) for Holding (Minor) at 15:57
3rd period
6. Palm Springs Eager , Nico Sturm 3 (Ryan Graves 10, Jonathan Toews 7) at 11:59
Otto Koivula (GRG) for Boarding (Minor) at 0:24
Jonathan Toews (SEA) for Tripping (Minor) at 0:24
Adam Brooks (GRG) for Tripping (Minor) at 8:49
Lias Andersson (SEA) for Hooking (Minor) at 8:49
Nico Sturm (SEA) for Roughing (Double Minor) at 12:49
Overtime #1
7. Griffins , Teddy Blueger 4 (Jack Ahcan 6, Justus Annunen) at 2:52
No Penalty
Goalie Stats
Anton Forsberg (SEA), 33 saves from 37 shots - (0,892), OTL, 4-5-2, 62:53 minutes
Justus Annunen (GRG), 29 saves from 32 shots - (0,906), W, 5-6-1, 62:53 minutes
3 StarsOfficial
1 - Jacob Larsson (GRG)
2 - Teddy Blueger (GRG)
3 - Nikita Nesterenko (SEA)
Referees : Dean Morton and Wes McCauley
Linesman : Tony Sericolo and Greg Devorski
Game Note
No Game Note
Finance
Level 1 -- Attendance: 1269 (63,45%) -- Ticket Income 50 760 $
Level 2 -- Attendance: 798 (79,80%) -- Ticket Income 15 960 $
Total Attendance: 2067 (68,90%)
Total Ticket Income: 66 720 $
Other Income: 13 344 $
Total Income: 80 064 $



Team Name Goals Shots Shots Attemp Shots Blocked PIM HIT PP PK FO%
Palm Springs Eager 33266812210 / 3 (0%)049%
Griffins 43765710180 / 4 (0%)051%

Palm Springs Eager
Player Name POS G A P +/- PIM HIT SHT SB MP PP MP PP SHT PK MP PK SHT FO% FOT
Alex JefferiesLW000-200004:450:0000:1900% 0
Alexander CampbellC/LW0000211012:150:0000:0000% 0
Alexander GordinC/RW0000002012:160:0000:0000% 0
Colin MillerD000-1021016:520:0001:5800% 0
Gavin BayreutherD0111011221:032:3803:1810% 0
Jonathan ToewsC011-1208025:352:3505:18054% 28
Lias AnderssonC000-1203112:510:0000:00045% 20
Michael AndersonD0000011113:380:0000:2600% 0
Mike HardmanC/LW/RW0000033119:592:3512:13033% 3
Nico SturmC/LW1010422020:422:3503:0000% 1
Nikita NesterenkoC/LW/RW1121011016:413:2200:0000% 0
Radko GudasD000-1060125:053:1903:5900% 0
Riley DuranC000000001:390:0000:000100% 1
Ryan GravesD011-1000126:273:1904:1000% 0
Saku MaenalanenC/LW/RW0111005019:333:2211:03050% 4
Scott MayfieldD0001220119:472:3802:0300% 0
Scott ReedyC000-102006:420:0001:56033% 6
Steven LorentzC/LW1121004020:493:2202:05054% 26
Griffins
Player Name POS G A P +/- PIM HIT SHT SB MP PP MP PP SHT PK MP PK SHT FO% FOT
A.J. GreerLW0000012018:433:3010:0000% 1
Adam BrooksC1010202011:550:0001:07031% 13
Alexander TrueC101020209:460:0000:00069% 13
Alexander VolkovLW/RW0001011011:140:0000:0000% 0
Dylan CoghlanD000-1022023:494:1923:1600% 0
Fillip ZadinaRW0000005022:134:1012:07050% 2
Gabriel CarlssonD000-1002222:243:0422:4100% 0
Jack AhcanD0113222115:000:3400:0000% 0
Jacob LarssonD0222032016:420:3701:1300% 0
Jake WalmanD000-1030222:333:0102:5300% 0
Jonathan DahlenLW000000203:251:1700:0000% 1
Marc McLaughlinC0110022025:163:1002:43135% 23
Nick MerkleyRW0110007025:373:1313:5000% 2
Otto KoivulaC/LW000024109:283:1010:00050% 2
Parker WotherspoonD000-1202222:234:1921:5100% 0
Sasha ChmelevskiC/RW1010002022:474:1002:07076% 25
Shane GersichC/LW000000004:381:1100:00040% 5
Teddy BluegerC/LW1121001010:460:0000:00050% 2



Play-by-Play

1st period


0:01 of 1st period - Jonathan Toews wins face-off versus Otto Koivula in neutral zone.
0:29 of 1st period - Icing by Radko Gudas.
0:30 of 1st period - Jonathan Toews wins face-off versus Sasha Chmelevski in Palm Springs Eager zone.
0:30 of 1st period - Jonathan Toews is hit by A.J. Greer.
1:40 of 1st period - Off-side.
1:41 of 1st period - Lias Andersson wins face-off versus Alexander True in neutral zone.
2:34 of 1st period - Colin Miller is hit by Jack Ahcan.
2:57 of 1st period - Adam Brooks is hit by Scott Reedy and loses puck.
3:01 of 1st period - Minor Penalty to Jack Ahcan for Roughing.
3:02 of 1st period - Marc McLaughlin wins face-off versus Saku Maenalanen in Griffins zone.
3:18 of 1st period - Saku Maenalanen is hit by Jake Walman and loses puck.
5:01 of 1st period - Shot by Saku Maenalanen.
5:01 of 1st period - Stopped by Justus Annunen without a rebound.
5:02 of 1st period - Sasha Chmelevski wins face-off versus Lias Andersson in Griffins zone.
5:37 of 1st period - Shot by Sasha Chmelevski.
5:37 of 1st period - Shot Misses the Net.
5:44 of 1st period - Icing by Michael Anderson.
5:45 of 1st period - Alexander True wins face-off versus Lias Andersson in Palm Springs Eager zone.
5:55 of 1st period - Dylan Coghlan is hit by Colin Miller.
6:20 of 1st period - Icing by Colin Miller.
6:21 of 1st period - Lias Andersson wins face-off versus Adam Brooks in Palm Springs Eager zone.
6:21 of 1st period - Colin Miller is hit by Marc McLaughlin.
6:37 of 1st period - Shot by Alexander Volkov.
6:37 of 1st period - Stopped by Anton Forsberg without a rebound.
6:38 of 1st period - Sasha Chmelevski wins face-off versus Jonathan Toews in Palm Springs Eager zone.
6:49 of 1st period - Shot by Jonathan Toews.
6:49 of 1st period - Shot Misses the Net.
6:51 of 1st period - Shot by Jonathan Toews.
6:51 of 1st period - Shot Misses the Net.
7:10 of 1st period - Fillip Zadina is hit by Mike Hardman and loses puck.
7:17 of 1st period - Shot by Mike Hardman.
7:17 of 1st period - Stopped by Justus Annunen without a rebound.
7:18 of 1st period - Steven Lorentz wins face-off versus Adam Brooks in Griffins zone.
7:39 of 1st period - Minor Penalty to Scott Mayfield for Roughing.
7:40 of 1st period - Marc McLaughlin wins face-off versus Nico Sturm in Palm Springs Eager zone.
8:07 of 1st period - Shot by Nick Merkley.
8:07 of 1st period - Shot Misses the Net.
8:09 of 1st period - Shot by Marc McLaughlin.
8:09 of 1st period - Shot Misses the Net.
8:11 of 1st period - Shot by Parker Wotherspoon.
8:11 of 1st period - Stopped by Anton Forsberg without a rebound.
8:12 of 1st period - Steven Lorentz wins face-off versus Sasha Chmelevski in Palm Springs Eager zone.
8:20 of 1st period - Icing by Gabriel Carlsson.
8:21 of 1st period - Sasha Chmelevski wins face-off versus Jonathan Toews in Griffins zone.
8:46 of 1st period - Shot by Fillip Zadina.
8:46 of 1st period - Shot Blocked by Gavin Bayreuther.
8:50 of 1st period - Shot by Gabriel Carlsson.
8:50 of 1st period - Stopped by Anton Forsberg with a rebound.
8:52 of 1st period - Shot by Sasha Chmelevski.
8:52 of 1st period - Shot Blocked by Gavin Bayreuther.
8:54 of 1st period - Shot by Jake Walman.
8:54 of 1st period - Shot Misses the Net.
9:00 of 1st period - Shot by Sasha Chmelevski.
9:00 of 1st period - Shot Misses the Net.
9:38 of 1st period - Shot by Dylan Coghlan.
9:38 of 1st period - Stopped by Anton Forsberg without a rebound.
9:39 of 1st period - Alexander True wins face-off versus Steven Lorentz in Palm Springs Eager zone.
9:42 of 1st period - Shot by Alexander True.
9:42 of 1st period - Shot Misses the Net.
9:46 of 1st period - Shot by Nick Merkley.
9:46 of 1st period - Shot Misses the Net.
9:49 of 1st period - Nick Merkley is hit by Radko Gudas and loses puck.
10:00 of 1st period - Shot by Teddy Blueger.
10:00 of 1st period - Deflect By Nick Merkley.
10:00 of 1st period - Shot Misses the Net.
10:02 of 1st period - Shot by Alexander True.
10:02 of 1st period - Goal by Alexander True - Palm Springs Eager : 0 - Griffins : 1.
10:03 of 1st period - Lias Andersson wins face-off versus Adam Brooks in neutral zone.
10:10 of 1st period - Shot by Lias Andersson.
10:10 of 1st period - Stopped by Justus Annunen without a rebound.
10:11 of 1st period - Sasha Chmelevski wins face-off versus Lias Andersson in Griffins zone.
10:11 of 1st period - Sasha Chmelevski is hit by Alexander Campbell.
10:23 of 1st period - Shot by A.J. Greer.
10:23 of 1st period - Shot Blocked by Lias Andersson.
10:27 of 1st period - Shot by Fillip Zadina.
10:27 of 1st period - Stopped by Anton Forsberg without a rebound.
10:28 of 1st period - Steven Lorentz wins face-off versus Marc McLaughlin in Palm Springs Eager zone.
10:43 of 1st period - Shot by Saku Maenalanen.
10:43 of 1st period - Stopped by Justus Annunen without a rebound.
10:44 of 1st period - Sasha Chmelevski wins face-off versus Scott Reedy in Griffins zone.
10:56 of 1st period - Shot by Sasha Chmelevski.
10:56 of 1st period - Shot Blocked by Michael Anderson.
11:22 of 1st period - Shot by Sasha Chmelevski.
11:22 of 1st period - Shot Misses the Net.
11:24 of 1st period - Shot by A.J. Greer.
11:24 of 1st period - Stopped by Anton Forsberg without a rebound.
11:25 of 1st period - Steven Lorentz wins face-off versus Marc McLaughlin in Palm Springs Eager zone.
11:25 of 1st period - Steven Lorentz is hit by Otto Koivula.
11:39 of 1st period - Shot by Steven Lorentz.
11:39 of 1st period - Shot Misses the Net.
11:52 of 1st period - Saku Maenalanen is hit by Dylan Coghlan and loses puck.
12:29 of 1st period - Shot by Lias Andersson.
12:29 of 1st period - Stopped by Justus Annunen without a rebound.
12:30 of 1st period - Sasha Chmelevski wins face-off versus Jonathan Toews in Griffins zone.
13:31 of 1st period - Alexander Volkov is hit by Colin Miller.
14:08 of 1st period - Shot by Nick Merkley.
14:08 of 1st period - Stopped by Anton Forsberg without a rebound.
14:09 of 1st period - Alexander True wins face-off versus Steven Lorentz in Palm Springs Eager zone.
15:19 of 1st period - Shot by Lias Andersson.
15:19 of 1st period - Shot Misses the Net.
15:58 of 1st period - Shot by Adam Brooks.
15:58 of 1st period - Goal by Adam Brooks - Palm Springs Eager : 0 - Griffins : 2.
15:59 of 1st period - Steven Lorentz wins face-off versus Alexander True in neutral zone.
16:04 of 1st period - Shot by Nikita Nesterenko.
16:04 of 1st period - Goal by Nikita Nesterenko - Palm Springs Eager : 1 - Griffins : 2.
16:05 of 1st period - Alexander True wins face-off versus Jonathan Toews in neutral zone.
16:15 of 1st period - Minor Penalty to Alexander True for Roughing.
16:16 of 1st period - Steven Lorentz wins face-off versus Marc McLaughlin in Griffins zone.
16:33 of 1st period - Shot by Ryan Graves.
16:33 of 1st period - Shot Misses the Net.
16:47 of 1st period - Shot by Saku Maenalanen.
16:47 of 1st period - Stopped by Justus Annunen without a rebound.
16:48 of 1st period - Marc McLaughlin wins face-off versus Jonathan Toews in Griffins zone.
17:13 of 1st period - Shot by Gavin Bayreuther.
17:13 of 1st period - Shot Misses the Net.
17:15 of 1st period - Shot by Mike Hardman.
17:15 of 1st period - Stopped by Justus Annunen without a rebound.
17:16 of 1st period - Steven Lorentz wins face-off versus Marc McLaughlin in Griffins zone.
17:18 of 1st period - Saku Maenalanen is hit by Jake Walman and loses puck.
17:37 of 1st period - Shot by Steven Lorentz.
17:37 of 1st period - Shot Misses the Net.
18:29 of 1st period - Icing by Michael Anderson.
18:30 of 1st period - Lias Andersson wins face-off versus Adam Brooks in Palm Springs Eager zone.
18:30 of 1st period - Lias Andersson is hit by Alexander Volkov.
18:37 of 1st period - Off-side.
18:38 of 1st period - Fillip Zadina wins face-off versus Jonathan Toews in neutral zone.
18:38 of 1st period - Fillip Zadina is hit by Mike Hardman.
18:54 of 1st period - Shot by Jonathan Toews.
18:54 of 1st period - Stopped by Justus Annunen without a rebound.
18:55 of 1st period - Lias Andersson wins face-off versus Marc McLaughlin in Griffins zone.
19:07 of 1st period - Icing by Otto Koivula.
19:08 of 1st period - Jonathan Toews wins face-off versus Marc McLaughlin in Griffins zone.
19:16 of 1st period - Icing by Marc McLaughlin.
19:17 of 1st period - Marc McLaughlin wins face-off versus Jonathan Toews in Griffins zone.
19:32 of 1st period - Shot by Nick Merkley.
19:32 of 1st period - Stopped by Anton Forsberg without a rebound.
19:33 of 1st period - Sasha Chmelevski wins face-off versus Steven Lorentz in Palm Springs Eager zone.
19:56 of 1st period - Shot by A.J. Greer.
19:56 of 1st period - Deflect By Fillip Zadina.
19:56 of 1st period - Stopped by Anton Forsberg without a rebound.
19:57 of 1st period - Otto Koivula wins face-off versus Jonathan Toews in Palm Springs Eager zone.
19:58 of 1st period - Shot by Marc McLaughlin.
19:58 of 1st period - Stopped by Anton Forsberg with a rebound.
Goals for this period are 1 for Palm Springs Eager vs 2 for Griffins.
Shots for this period are 9 for Palm Springs Eager vs 12 for Griffins.

2nd period


0:01 of 2nd period - Jonathan Toews wins face-off versus Marc McLaughlin in neutral zone.
0:01 of 2nd period - Jonathan Toews is hit by Otto Koivula.
0:34 of 2nd period - Shot by Mike Hardman.
0:34 of 2nd period - Shot Misses the Net.
1:14 of 2nd period - Shot by Gabriel Carlsson.
1:14 of 2nd period - Shot Misses the Net.
1:22 of 2nd period - Shot by Steven Lorentz.
1:22 of 2nd period - Goal by Steven Lorentz - Palm Springs Eager : 2 - Griffins : 2.
1:23 of 2nd period - Adam Brooks wins face-off versus Lias Andersson in neutral zone.
1:56 of 2nd period - Shot by Alexander Volkov.
1:56 of 2nd period - Shot Misses the Net.
1:58 of 2nd period - Shot by Jacob Larsson.
1:58 of 2nd period - Stopped by Anton Forsberg without a rebound.
1:59 of 2nd period - Steven Lorentz wins face-off versus Alexander True in Palm Springs Eager zone.
2:23 of 2nd period - Minor Penalty to Parker Wotherspoon for Hooking.
2:24 of 2nd period - Marc McLaughlin wins face-off versus Jonathan Toews in Griffins zone.
2:24 of 2nd period - Marc McLaughlin is hit by Mike Hardman.
3:37 of 2nd period - Shot by Marc McLaughlin.
3:37 of 2nd period - Stopped by Anton Forsberg without a rebound.
3:38 of 2nd period - Steven Lorentz wins face-off versus Adam Brooks in Palm Springs Eager zone.
3:45 of 2nd period - Shot by Scott Mayfield.
3:45 of 2nd period - Shot Misses the Net.
3:47 of 2nd period - Shot by Steven Lorentz.
3:47 of 2nd period - Shot Misses the Net.
3:57 of 2nd period - Shot by Saku Maenalanen.
3:57 of 2nd period - Shot Misses the Net.
4:38 of 2nd period - Shot by Lias Andersson.
4:38 of 2nd period - Stopped by Justus Annunen without a rebound.
4:39 of 2nd period - Sasha Chmelevski wins face-off versus Scott Reedy in Griffins zone.
5:40 of 2nd period - Colin Miller is hit by Jacob Larsson and loses puck.
5:52 of 2nd period - Shot by Jack Ahcan.
5:52 of 2nd period - Stopped by Anton Forsberg without a rebound.
5:53 of 2nd period - Alexander True wins face-off versus Steven Lorentz in Palm Springs Eager zone.
7:58 of 2nd period - Shot by Sasha Chmelevski.
7:58 of 2nd period - Goal by Sasha Chmelevski - Palm Springs Eager : 2 - Griffins : 3.
7:59 of 2nd period - Lias Andersson wins face-off versus Marc McLaughlin in neutral zone.
8:10 of 2nd period - Shot by Alexander Gordin.
8:10 of 2nd period - Stopped by Justus Annunen without a rebound.
8:11 of 2nd period - Sasha Chmelevski wins face-off versus Lias Andersson in Griffins zone.
8:21 of 2nd period - Lias Andersson is hit by Dylan Coghlan.
8:23 of 2nd period - Shot by Alexander Gordin.
8:23 of 2nd period - Stopped by Justus Annunen without a rebound.
8:24 of 2nd period - Scott Reedy wins face-off versus Adam Brooks in Griffins zone.
8:37 of 2nd period - Shot by Michael Anderson.
8:37 of 2nd period - Stopped by Justus Annunen without a rebound.
8:38 of 2nd period - Sasha Chmelevski wins face-off versus Lias Andersson in Griffins zone.
8:51 of 2nd period - Shot by Fillip Zadina.
8:51 of 2nd period - Deflect By Sasha Chmelevski.
8:51 of 2nd period - Stopped by Anton Forsberg without a rebound.
8:52 of 2nd period - Jonathan Toews wins face-off versus Marc McLaughlin in Palm Springs Eager zone.
9:07 of 2nd period - Shot by Jonathan Toews.
9:07 of 2nd period - Shot Blocked by Jake Walman.
9:09 of 2nd period - Shot by Jonathan Toews.
9:09 of 2nd period - Stopped by Justus Annunen with a rebound.
9:11 of 2nd period - Shot by Gavin Bayreuther.
9:11 of 2nd period - Shot Misses the Net.
9:17 of 2nd period - Shot by Jonathan Toews.
9:17 of 2nd period - Shot Misses the Net.
9:21 of 2nd period - Shot by Jonathan Toews.
9:21 of 2nd period - Stopped by Justus Annunen with a rebound.
9:23 of 2nd period - Shot by Mike Hardman.
9:23 of 2nd period - Shot Blocked by Jake Walman.
10:38 of 2nd period - Shot by Michael Anderson.
10:38 of 2nd period - Shot Misses the Net.
10:40 of 2nd period - Shot by Lias Andersson.
10:40 of 2nd period - Shot Blocked by Parker Wotherspoon.
10:42 of 2nd period - Shot by Alexander Campbell.
10:42 of 2nd period - Shot Misses the Net.
10:56 of 2nd period - Shot by Lias Andersson.
10:56 of 2nd period - Shot Misses the Net.
11:44 of 2nd period - Shot by Jonathan Toews.
11:44 of 2nd period - Stopped by Justus Annunen without a rebound.
11:45 of 2nd period - Alexander True wins face-off versus Steven Lorentz in Griffins zone.
14:18 of 2nd period - Off-side.
14:19 of 2nd period - Adam Brooks wins face-off versus Lias Andersson in neutral zone.
14:22 of 2nd period - Shot by Jacob Larsson.
14:22 of 2nd period - Shot Misses the Net.
15:04 of 2nd period - Icing by Ryan Graves.
15:05 of 2nd period - Sasha Chmelevski wins face-off versus Scott Reedy in Palm Springs Eager zone.
15:27 of 2nd period - Icing by Radko Gudas.
15:28 of 2nd period - Scott Reedy wins face-off versus Alexander True in Palm Springs Eager zone.
15:33 of 2nd period - Shot by Jonathan Toews.
15:33 of 2nd period - Stopped by Justus Annunen without a rebound.
15:34 of 2nd period - Alexander True wins face-off versus Steven Lorentz in Griffins zone.
15:51 of 2nd period - Shot by Nick Merkley.
15:51 of 2nd period - Stopped by Anton Forsberg with a rebound.
15:56 of 2nd period - Off-side.
15:57 of 2nd period - Sasha Chmelevski wins face-off versus Lias Andersson in neutral zone.
15:57 of 2nd period - Minor Penalty to Alexander Campbell for Holding.
15:58 of 2nd period - Jonathan Toews wins face-off versus Sasha Chmelevski in Palm Springs Eager zone.
16:26 of 2nd period - Fillip Zadina is hit by Scott Mayfield and loses puck.
16:35 of 2nd period - Shot by Dylan Coghlan.
16:35 of 2nd period - Shot Blocked by Scott Mayfield.
17:11 of 2nd period - Shot by Otto Koivula.
17:11 of 2nd period - Stopped by Anton Forsberg without a rebound.
17:12 of 2nd period - Jonathan Toews wins face-off versus Marc McLaughlin in Palm Springs Eager zone.
17:12 of 2nd period - Ryan Graves is hit by Otto Koivula and loses puck.
17:28 of 2nd period - Shot by Gabriel Carlsson.
17:28 of 2nd period - Stopped by Anton Forsberg without a rebound.
17:29 of 2nd period - Sasha Chmelevski wins face-off versus Steven Lorentz in Palm Springs Eager zone.
17:30 of 2nd period - Shot by Dylan Coghlan.
17:30 of 2nd period - Stopped by Anton Forsberg without a rebound.
17:31 of 2nd period - Sasha Chmelevski wins face-off versus Steven Lorentz in Palm Springs Eager zone.
19:16 of 2nd period - Nick Merkley is hit by Nikita Nesterenko and loses puck.
Goals for this period are 1 for Palm Springs Eager vs 1 for Griffins.
Shots for this period are 9 for Palm Springs Eager vs 9 for Griffins.

3rd period


0:01 of 3rd period - Marc McLaughlin wins face-off versus Jonathan Toews in neutral zone.
0:20 of 3rd period - Otto Koivula is hit by Radko Gudas and loses puck.
0:24 of 3rd period - Minor Penalty to Otto Koivula for Boarding.
0:24 of 3rd period - Minor Penalty to Jonathan Toews for Tripping.
0:25 of 3rd period - Riley Duran wins face-off versus Marc McLaughlin in neutral zone.
0:52 of 3rd period - Shot by Nico Sturm.
0:52 of 3rd period - Shot Misses the Net.
1:55 of 3rd period - Shot by Fillip Zadina.
1:55 of 3rd period - Stopped by Anton Forsberg without a rebound.
1:56 of 3rd period - Lias Andersson wins face-off versus Nick Merkley in Palm Springs Eager zone.
2:21 of 3rd period - Shot by Scott Reedy.
2:21 of 3rd period - Shot Misses the Net.
2:26 of 3rd period - Icing by Jack Ahcan.
2:27 of 3rd period - Steven Lorentz wins face-off versus Sasha Chmelevski in Griffins zone.
2:30 of 3rd period - Shot by Saku Maenalanen.
2:30 of 3rd period - Stopped by Justus Annunen with a rebound.
2:51 of 3rd period - Icing by Jack Ahcan.
2:52 of 3rd period - Sasha Chmelevski wins face-off versus Scott Reedy in Griffins zone.
2:52 of 3rd period - Jack Ahcan is hit by Radko Gudas and loses puck.
3:27 of 3rd period - Shot by Alexander True.
3:27 of 3rd period - Stopped by Anton Forsberg without a rebound.
3:28 of 3rd period - Adam Brooks wins face-off versus Steven Lorentz in Palm Springs Eager zone.
3:28 of 3rd period - Adam Brooks is hit by Gavin Bayreuther.
3:49 of 3rd period - Shot by Steven Lorentz.
3:49 of 3rd period - Stopped by Justus Annunen without a rebound.
3:50 of 3rd period - Alexander True wins face-off versus Jonathan Toews in Griffins zone.
3:50 of 3rd period - Alexander True is hit by Nico Sturm.
4:10 of 3rd period - Shot by Nico Sturm.
4:10 of 3rd period - Shot Misses the Net.
4:24 of 3rd period - Shot by Jonathan Toews.
4:24 of 3rd period - Shot Misses the Net.
4:26 of 3rd period - Shot by Nico Sturm.
4:26 of 3rd period - Shot Blocked by Gabriel Carlsson.
4:28 of 3rd period - Shot by Mike Hardman.
4:28 of 3rd period - Shot Misses the Net.
4:30 of 3rd period - Shot by Colin Miller.
4:30 of 3rd period - Stopped by Justus Annunen with a rebound.
5:18 of 3rd period - Steven Lorentz is hit by Jake Walman and loses puck.
5:40 of 3rd period - Icing by Scott Mayfield.
5:41 of 3rd period - Lias Andersson wins face-off versus Fillip Zadina in Palm Springs Eager zone.
6:52 of 3rd period - Shot by Adam Brooks.
6:52 of 3rd period - Stopped by Anton Forsberg with a rebound.
6:57 of 3rd period - Icing by Radko Gudas.
6:58 of 3rd period - Sasha Chmelevski wins face-off versus Jonathan Toews in Palm Springs Eager zone.
7:47 of 3rd period - Jonathan Toews is hit by Jack Ahcan and loses puck.
7:56 of 3rd period - Shot by Jacob Larsson.
7:56 of 3rd period - Shot Blocked by Ryan Graves.
7:58 of 3rd period - Shot by Jack Ahcan.
7:58 of 3rd period - Stopped by Anton Forsberg without a rebound.
7:59 of 3rd period - Steven Lorentz wins face-off versus Marc McLaughlin in Palm Springs Eager zone.
8:13 of 3rd period - Nikita Nesterenko is hit by Jacob Larsson and loses puck.
8:29 of 3rd period - Marc McLaughlin is hit by Michael Anderson and loses puck.
8:49 of 3rd period - Minor Penalty to Adam Brooks for Tripping.
8:49 of 3rd period - Minor Penalty to Lias Andersson for Hooking.
8:50 of 3rd period - Jonathan Toews wins face-off versus Marc McLaughlin in neutral zone.
9:03 of 3rd period - Icing by Gabriel Carlsson.
9:04 of 3rd period - Marc McLaughlin wins face-off versus Jonathan Toews in Griffins zone.
9:04 of 3rd period - Marc McLaughlin is hit by Nico Sturm.
9:29 of 3rd period - Shot by Jonathan Toews.
9:29 of 3rd period - Stopped by Justus Annunen with a rebound.
9:31 of 3rd period - Shot by Jonathan Toews.
9:31 of 3rd period - Stopped by Justus Annunen with a rebound.
9:33 of 3rd period - Shot by Nico Sturm.
9:33 of 3rd period - Deflect By Jonathan Toews.
9:33 of 3rd period - Stopped by Justus Annunen without a rebound.
9:34 of 3rd period - Steven Lorentz wins face-off versus Jonathan Dahlen in Griffins zone.
9:41 of 3rd period - Shot by Steven Lorentz.
9:41 of 3rd period - Shot Blocked by Parker Wotherspoon.
9:43 of 3rd period - Shot by Steven Lorentz.
9:43 of 3rd period - Stopped by Justus Annunen with a rebound.
9:45 of 3rd period - Shot by Ryan Graves.
9:45 of 3rd period - Shot Misses the Net.
9:47 of 3rd period - Shot by Steven Lorentz.
9:47 of 3rd period - Stopped by Justus Annunen without a rebound.
9:48 of 3rd period - Jonathan Toews wins face-off versus Shane Gersich in Griffins zone.
10:13 of 3rd period - Shot by Nick Merkley.
10:13 of 3rd period - Stopped by Anton Forsberg without a rebound.
10:14 of 3rd period - Marc McLaughlin wins face-off versus Steven Lorentz in Palm Springs Eager zone.
10:30 of 3rd period - Shot by Gavin Bayreuther.
10:30 of 3rd period - Deflect By Steven Lorentz.
10:30 of 3rd period - Shot Misses the Net.
10:49 of 3rd period - Icing by Steven Lorentz.
10:50 of 3rd period - Sasha Chmelevski wins face-off versus Lias Andersson in Palm Springs Eager zone.
11:53 of 3rd period - Shot by Nico Sturm.
11:53 of 3rd period - Shot Misses the Net.
11:55 of 3rd period - Shot by Nico Sturm.
11:55 of 3rd period - Shot Misses the Net.
11:57 of 3rd period - Shot by Ryan Graves.
11:57 of 3rd period - Shot Blocked by Jack Ahcan.
11:59 of 3rd period - Shot by Nico Sturm.
11:59 of 3rd period - Goal by Nico Sturm - Palm Springs Eager : 3 - Griffins : 3.
12:00 of 3rd period - Alexander True wins face-off versus Steven Lorentz in neutral zone.
12:32 of 3rd period - Shot by Steven Lorentz.
12:32 of 3rd period - Shot Blocked by Gabriel Carlsson.
12:49 of 3rd period - Double Minor Penalty to Nico Sturm for Roughing.
12:50 of 3rd period - Jonathan Toews wins face-off versus A.J. Greer in Palm Springs Eager zone.
13:11 of 3rd period - Shot by Parker Wotherspoon.
13:11 of 3rd period - Stopped by Anton Forsberg with a rebound.
13:13 of 3rd period - Shot by A.J. Greer.
13:13 of 3rd period - Stopped by Anton Forsberg with a rebound.
13:15 of 3rd period - Shot by Fillip Zadina.
13:15 of 3rd period - Stopped by Anton Forsberg with a rebound.
13:24 of 3rd period - Shot by Fillip Zadina.
13:24 of 3rd period - Shot Blocked by Radko Gudas.
13:34 of 3rd period - Gabriel Carlsson is hit by Scott Reedy and loses puck.
13:51 of 3rd period - Jonathan Toews is hit by Marc McLaughlin and loses puck.
13:58 of 3rd period - Shot by Nick Merkley.
13:58 of 3rd period - Stopped by Anton Forsberg with a rebound.
14:16 of 3rd period - Shot by Sasha Chmelevski.
14:16 of 3rd period - Shot Misses the Net.
14:18 of 3rd period - Shot by Dylan Coghlan.
14:18 of 3rd period - Shot Misses the Net.
14:20 of 3rd period - Shot by Parker Wotherspoon.
14:20 of 3rd period - Shot Misses the Net.
14:39 of 3rd period - Fillip Zadina is hit by Scott Mayfield and loses puck.
15:45 of 3rd period - Icing by Gabriel Carlsson.
15:46 of 3rd period - Jonathan Toews wins face-off versus Nick Merkley in Griffins zone.
15:47 of 3rd period - Shot by Gavin Bayreuther.
15:47 of 3rd period - Stopped by Justus Annunen with a rebound.
16:13 of 3rd period - Icing by Parker Wotherspoon.
16:14 of 3rd period - Jonathan Toews wins face-off versus Sasha Chmelevski in Griffins zone.
16:19 of 3rd period - Shot by Jonathan Toews.
16:19 of 3rd period - Shot Misses the Net.
16:47 of 3rd period - Marc McLaughlin is hit by Radko Gudas and loses puck.
16:55 of 3rd period - Icing by Michael Anderson.
16:56 of 3rd period - Adam Brooks wins face-off versus Lias Andersson in Palm Springs Eager zone.
17:03 of 3rd period - Shot by Alexander Campbell.
17:03 of 3rd period - Stopped by Justus Annunen without a rebound.
17:04 of 3rd period - Steven Lorentz wins face-off versus Adam Brooks in Griffins zone.
17:07 of 3rd period - Shot by Saku Maenalanen.
17:07 of 3rd period - Stopped by Justus Annunen without a rebound.
17:08 of 3rd period - Steven Lorentz wins face-off versus Adam Brooks in Griffins zone.
17:54 of 3rd period - Icing by Marc McLaughlin.
17:55 of 3rd period - Jonathan Toews wins face-off versus Adam Brooks in Griffins zone.
17:59 of 3rd period - Mike Hardman is hit by Jacob Larsson and loses puck.
18:02 of 3rd period - Shot by Mike Hardman.
18:02 of 3rd period - Shot Misses the Net.
18:17 of 3rd period - Icing by Ryan Graves.
18:18 of 3rd period - Jonathan Toews wins face-off versus Sasha Chmelevski in Palm Springs Eager zone.
18:31 of 3rd period - Shot by Nico Sturm.
18:31 of 3rd period - Stopped by Justus Annunen without a rebound.
18:32 of 3rd period - Lias Andersson wins face-off versus Teddy Blueger in Griffins zone.
18:45 of 3rd period - Shot by Nick Merkley.
18:45 of 3rd period - Stopped by Anton Forsberg without a rebound.
18:46 of 3rd period - Sasha Chmelevski wins face-off versus Steven Lorentz in Palm Springs Eager zone.
18:51 of 3rd period - Shot by A.J. Greer.
18:51 of 3rd period - Shot Misses the Net.
18:53 of 3rd period - Shot by Sasha Chmelevski.
18:53 of 3rd period - Shot Misses the Net.
18:56 of 3rd period - Sasha Chmelevski is hit by Radko Gudas and loses puck.
19:12 of 3rd period - Off-side.
19:13 of 3rd period - Jonathan Toews wins face-off versus Marc McLaughlin in neutral zone.
19:15 of 3rd period - Gavin Bayreuther is hit by Otto Koivula and loses puck.
19:41 of 3rd period - Shot by Nick Merkley.
19:41 of 3rd period - Stopped by Anton Forsberg without a rebound.
19:42 of 3rd period - Sasha Chmelevski wins face-off versus Lias Andersson in Palm Springs Eager zone.
19:42 of 3rd period - Sasha Chmelevski is hit by Radko Gudas.
19:54 of 3rd period - Shot by Fillip Zadina.
19:54 of 3rd period - Shot Misses the Net.
19:56 of 3rd period - Shot by Fillip Zadina.
19:56 of 3rd period - Stopped by Anton Forsberg without a rebound.
19:57 of 3rd period - Saku Maenalanen wins face-off versus Marc McLaughlin in Palm Springs Eager zone.
Goals for this period are 1 for Palm Springs Eager vs 0 for Griffins.
Shots for this period are 13 for Palm Springs Eager vs 12 for Griffins.

Overtime #1


0:01 of 1st overtime period - Saku Maenalanen wins face-off versus Shane Gersich in neutral zone.
0:14 of 1st overtime period - Shot by Mike Hardman.
0:14 of 1st overtime period - Stopped by Justus Annunen without a rebound.
0:15 of 1st overtime period - Shane Gersich wins face-off versus Saku Maenalanen in Griffins zone.
0:23 of 1st overtime period - Shot by Shane Gersich.
0:23 of 1st overtime period - Shot Misses the Net.
0:35 of 1st overtime period - Shot by Jonathan Dahlen.
0:35 of 1st overtime period - Stopped by Anton Forsberg without a rebound.
0:36 of 1st overtime period - Shane Gersich wins face-off versus Mike Hardman in Palm Springs Eager zone.
0:37 of 1st overtime period - Shot by Jonathan Dahlen.
0:37 of 1st overtime period - Stopped by Anton Forsberg with a rebound.
0:39 of 1st overtime period - Shot by Jacob Larsson.
0:39 of 1st overtime period - Stopped by Anton Forsberg without a rebound.
0:40 of 1st overtime period - Mike Hardman wins face-off versus Shane Gersich in Palm Springs Eager zone.
1:22 of 1st overtime period - Icing by Colin Miller.
1:23 of 1st overtime period - Teddy Blueger wins face-off versus Mike Hardman in Palm Springs Eager zone.
1:26 of 1st overtime period - Shot by Shane Gersich.
1:26 of 1st overtime period - Shot Misses the Net.
1:32 of 1st overtime period - Shot by Shane Gersich.
1:32 of 1st overtime period - Shot Blocked by Mike Hardman.
2:52 of 1st overtime period - Shot by Teddy Blueger.
2:52 of 1st overtime period - Goal by Teddy Blueger - Palm Springs Eager : 3 - Griffins : 4.
Goals for this period are 0 for Palm Springs Eager vs 1 for Griffins.
Shots for this period are 1 for Palm Springs Eager vs 4 for Griffins.